Map: Echo LE (Void)

Players

Adonminus - Winner!

  • Race: Protoss Protoss

Wintersc2 (Winter)

  • Race: Terran Terran

VOD

Have the link to the VOD?

Description

Time

  • Played on: April 8, 2015, 8:18 p.m.
  • Length: 11:21
Show
View Real Time Build Order
Export as new Build Order

Adonminus Protoss - Winner!

Build Orders: Mass Adepts 

Get SALT Encoding   

  12  0:01  Probe  
  13  0:17  Pylon  
  13  0:21  Probe  
  14  0:36  Gateway  
  14  0:40  Probe (Chrono Boost)  
  15  0:43  Assimilator  
  15  0:48  Assimilator  
  15  0:52  Probe (Chrono Boost)  
  16  0:58  Probe (Chrono Boost)  
  17  1:09  Probe  
  18  1:15  Pylon  
  18  1:22  Probe  
  18  1:24  Cybernetics Core  
  19  1:34  Probe  
  20  1:46  Probe  
  21  1:58  Probe  
  22  2:01  Adept, Warp Gate (Chrono Boost)  
  22  2:05  Gateway  
  24  2:10  Mothership Core  
  28  2:30  Adept (Chrono Boost)  
  28  2:44  Gateway  
  28  2:45  Gateway  
  28  2:47  Pylon  
  28  2:54  Adept (Chrono Boost)  
  30  2:59  Pylon  
  30  3:13  Pylon  
  30  3:36  Adept x2  
  34  3:43  Adept x2  
  38  4:02  Stalker  
  38  4:03  Stalker  
  38  4:04  Stalker x2  
  46  4:10  Pylon  
  46  4:11  Pylon  
  26  4:49  Adept x3  
  26  4:52  Adept  
  34  5:28  Adept x4  
  34  5:30  Probe  
  27  6:05  Adept x4  
  31  6:19  Nexus, Pylon  
  31  6:29  Adept x3  
  31  6:30  Adept  
  39  6:39  Twilight Council  
  39  7:01  Probe (Chrono Boost)  
  40  7:11  Probe (Chrono Boost)  
  41  7:16  Blink (Chrono Boost)  
  41  7:18  Probe  
  42  7:27  Assimilator  
  42  7:30  Probe  
  42  7:32  Probe  
  44  7:43  Probe (Chrono Boost)  
  45  7:44  Probe (Chrono Boost), Robotics Facility  
  46  7:55  Probe (Chrono Boost)  
  46  7:56  Probe (Chrono Boost)  
  48  8:02  Probe (Chrono Boost)  
  48  8:03  Probe (Chrono Boost)  
  36  8:22  Stalker x4  
  42  8:27  Gateway  
  42  8:33  Observer  
  43  8:45  Stalker x2  
  43  8:46  Stalker x2  
  51  9:12  Stalker x2  
  51  9:13  Stalker x2  
  59  9:26  Pylon  
  59  9:36  Stalker x2, Pylon  
  59  9:37  Stalker x2  
  59  9:38  Stalker  
  69  10:03  Stalker x4  
  77  10:07  Stalker  
  63  10:33  Stalker x4  
  71  10:40  Stalker  
  72  11:02  Stalker x4  
  80  11:05  Stalker  
Show
View Real Time Build Order
Export as new Build Order

Wintersc2 Terran 

Build Orders: MMM Bio 

Get SALT Encoding   

  12  0:02  SCV  
  14  0:14  SCV  
  14  0:21  Supply Depot  
  14  0:26  SCV  
  15  0:42  SCV  
  16  0:44  Barracks  
  16  0:52  Refinery  
  16  0:54  SCV  
  17  1:06  SCV  
  18  1:16  Command Center  
  18  1:20  SCV  
  20  1:33  Marine  
  20  1:34  Orbital Command  
  20  1:39  Supply Depot  
  20  1:51  Marine  
  21  1:55  Barracks  
  21  2:01  SCV  
  22  2:11  Marine  
  22  2:13  SCV  
  22  2:15  Barracks  
  24  2:22  Refinery  
  24  2:28  Bunker  
  24  2:34  Marine  
  24  2:35  Orbital Command  
  25  2:38  SCV  
  25  2:40  Refinery  
  25  2:51  SCV  
  26  2:55  Barracks  
  26  2:59  Marine  
  26  3:03  SCV  
  28  3:08  SCV, Marine  
  28  3:12  Barracks Tech Lab  
  30  3:15  SCV  
  30  3:16  Marine  
  32  3:20  SCV  
  32  3:24  Missile Turret  
  33  3:27  SCV  
  33  3:32  SCV  
  33  3:33  Stimpack, Marine x2  
  37  3:34  Marine  
  38  3:48  SCV  
  37  4:06  SCV  
  37  4:09  Factory, Marine x2  
  42  4:10  Marauder  
  42  4:12  Marine  
  42  4:15  Supply Depot x2  
  43  4:18  SCV  
  43  4:19  Engineering Bay  
  43  4:21  Orbital Command  
  43  4:25  Barracks  
  40  4:36  SCV  
  34  4:38  Marine  
  34  4:39  Marauder  
  30  4:52  Factory  
  30  4:56  Marine  
  29  5:05  Supply Depot  
  29  5:13  Orbital Command  
  29  5:14  SCV  
  29  5:20  Supply Depot  
  28  5:27  SCV, Marine x2  
  28  5:28  Marauder  
  19  5:39  SCV  
  19  5:40  Marine  
  19  5:46  Supply Depot  
  16  5:51  SCV  
  16  5:55  Marine  
  15  6:02  Marine  
  10  6:24  SCV  
  11  6:26  Orbital Command  
  11  6:27  Widow Mine  
  13  6:40  Starport  
  13  6:45  SCV  
  14  6:47  Marine  
  14  6:52  SCV  
  16  6:57  SCV  
  17  7:07  Widow Mine, Marine  
  17  7:08  Marauder  
  20  7:10  SCV  
  20  7:12  SCV  
  22  7:17  Medivac  
  24  7:23  SCV  
  24  7:25  SCV, Marine x3  
  24  7:27  Concussive Shells  
  24  7:28  Marine  
  30  7:43  Marine x3  
  33  7:47  Marauder  
  33  7:50  SCV  
  36  8:01  Marine x3  
  36  8:02  SCV  
  40  8:08  Marauder  
  39  8:18  Marine  
  34  8:25  Marine x2  
  34  8:26  SCV  
  34  8:27  Orbital Command  
  37  8:30  Marauder  
  37  8:33  Medivac  
  41  8:39  SCV  
  42  8:45  Marine x3  
  45  8:51  SCV  
  45  8:54  SCV, Missile Turret  
  47  8:59  Marine  
  48  9:03  Marine  
  48  9:11  Combat Shields  
  48  9:22  Marauder  
  50  9:28  SCV  
  51  9:31  SCV  
  52  9:48  Marine x3  
  52  9:49  Marauder  
  57  9:55  SCV x2  
  58  10:06  Marine x3  
  60  10:11  SCV x2  
  35  10:32  Marine  
  35  10:35  Marine  
  33  10:36  Marauder  
  33  10:39  Medivac  
  35  10:46  Marine  
  38  10:57  Marauder  
  38  10:59  SCV  
Tags
 
Add a new tag
Caveats
  • Supply blocks, unpowered buildings, or Contaminate may cause inaccurate times.
  • Supply counts are checked every 10 seconds.